 Dungeon Crawl Stone Soup version 0.25-a0-857-g60a0bcd8b5 (webtiles) character file.

Game seed: 5760456356027873633, levelgen mode: deterministic

5600 unvid the Cleaver (level 10, 0/70 HPs)
             Began as a Demonspawn Fighter on Apr 26, 2020.
             Was a Follower of Qazlal.
             Slain by a cacodemon (12 damage)
             ... created by the fury of Makhleb
             ... on level 9 of the Dungeon.
             The game lasted 00:09:55 (7677 turns).

unvid the Cleaver (Demonspawn Fighter)              Turns: 7677, Time: 00:09:57

Health: 0/70       AC: 14    Str: 18    XL:     10   Next: 45%
Magic:  10/10      EV:  7    Int:  9    God:    Qazlal [*.....]
Gold:   219        SH: 11    Dex: 15    Spells: 9/9 levels left

rFire    . . .     SeeInvis .   a - +10 war axe "Emyul" {speed, +Blink}
rCold    + . .     Gourm    .   c - +0 kite shield
rNeg     . . .     Faith    .   J - +0 scale mail
rPois    .         Spirit   .   v - +2 helmet
rElec    .         Reflect  .   w - +0 cloak
rCorr    .         Harm     .   (no gloves)
MR       .....                  k - +0 pair of boots
Stlth    ..........             (no amulet)
HPRegen  0.21/turn              L - ring of attention
MPRegen  0.12/turn              B - ring of protection from cold

@: about to teleport, slowed, very slow
A: claws 2, iridescent scales 1, powered by death 2, spiny 1
a: Renounce Religion, Evoke Blink


You were on level 9 of the Dungeon.
You worshipped Qazlal.
Qazlal was aware of your devotion.
You were not hungry.

You visited 2 branches of the dungeon, and saw 10 of its levels.

You collected 508 gold pieces.
You spent 289 gold pieces at shops.

Inventory:

Hand Weapons
 a - the +10 war axe "Emyul" (weapon) {speed, +Blink}
   (You bought it in a shop on level 5 of the Dungeon)

   Attacks with this weapon are significantly faster.
   It lets you blink.
 b - the +8 Wrath of Trog {antimagic, *Rage}
   (You found it on level 7 of the Dungeon)

   It reduces the magical energy of the wielder, and disrupts the spells and
   magical abilities of those hit.
   Natural abilities and divine invocations are not affected.
   It may make you go berserk in combat.
Missiles
 t - a throwing net (quivered)
Armour
 c - a +0 kite shield (worn)
 k - a +0 pair of boots (worn)
 v - a +2 helmet (worn)
 w - a +0 cloak (worn)
 J - a +0 scale mail (worn)
Jewellery
 B - a ring of protection from cold (right claw)
 L - a ring of attention (left claw)
Wands
 x - a wand of acid (6)
 y - a wand of flame (32)
 M - a wand of clouds (7)
Scrolls
 e - 4 scrolls of remove curse
 g - 2 scrolls of immolation
 l - 2 scrolls of magic mapping {unknown}
 m - 3 scrolls of fog {unknown}
 p - 4 scrolls of teleportation
 r - 7 scrolls of identify {unknown}
 A - 2 scrolls of enchant weapon {unknown}
 D - 2 scrolls of amnesia {unknown}
 E - 2 scrolls of fear {unknown}
 F - a scroll of brand weapon {unknown}
 I - a scroll of acquirement {unknown}
 K - a scroll of noise {unknown}
Potions
 d - 2 potions of might
 h - 3 potions of haste {unknown}
 i - 2 potions of stabbing {unknown}
 j - 4 potions of heal wounds {unknown}
 n - 3 potions of cancellation {unknown}
 o - 6 potions of curing
 q - 2 potions of berserk rage {unknown}
 s - a potion of lignification {unknown}
 u - 2 potions of degeneration {unknown}
 z - 5 potions of flight {unknown}
 C - a potion of magic {unknown}
 G - 2 potions of invisibility {unknown}
 H - a potion of mutation {unknown}
 N - 2 potions of ambrosia {unknown}
Comestibles
 f - 16 rations


   Skills:
 - Level 3.0 Fighting
 * Level 13.5 Axes
 - Level 2.6 Armour
 - Level 2.6 Shields
 - Level 3.5 Unarmed Combat


You had 9 spell levels left.
You didn't know any spells.
Your spell library contained the following spells:

 Spells                   Type           Power        Failure   Level  Hunger
 Animate Skeleton         Necr           N/A          99%         1    ##.....
 Apportation              Tloc           #.....       99%         1    ##.....
 Corona                   Hex            #......      99%         1    ##.....
 Magic Dart               Conj           #...         99%         1    ##.....
 Summon Small Mammal      Summ           #...         99%         1    ##.....
 Blink                    Tloc           N/A          100%        2    ###....
 Call Imp                 Summ           #.......     100%        2    ###....
 Slow                     Hex            #.......     100%        2    ###....
 Conjure Flame            Conj/Fire      #.......     100%        3    ####...
 Mephitic Cloud           Conj/Pois/Air  #.......     100%        3    ####...


Dungeon Overview and Level Annotations

Branches:
Dungeon (9/15)             Temple (1/1) D:5
   Lair: D:8-11         Orc: D:9-12

Altars:
Ashenzari
Cheibriados
Dithmenos
Elyvilon
Fedhas
Gozag
Hepliaklqana
Makhleb
Nemelex Xobeh
Okawaru
Qazlal
Ru
Sif Muna
Trog
Uskayaw
Vehumet
Wu Jian
Xom
Yredelemnul
Zin
The Shining One

Shops:
D:5 =(**(   D:8 *


Innate Abilities, Weirdness & Mutations

You have very sharp fingernails.
You are partially covered in iridescent scales. (AC +2)
You regenerate health from kills.
You are partially covered in sharp spines.


Message History

The floor.
As you read the scroll labeled NIADDEIWAG, it crumbles to dust.
You feel as if something is helping you.
It was a scroll of remove curse.
The cacodemon is struck by your spines. The cacodemon hits you!
The cacodemon hits you.
As you read the scroll labeled NIAKINU GECOU, it crumbles to dust.
The creatures around you are filled with an inner flame!
It was a scroll of immolation.
The cacodemon is struck by your spines.
Flame seeps out of the cacodemon.
The cacodemon hits you! The cacodemon barely misses you.
The cacodemon is engulfed in blazing flames.
Flame seeps out of the cacodemon.
The cacodemon hits you! The cacodemon hits you.
As you read the scroll labeled HASIJI PERA, it crumbles to dust.
You feel strangely unstable.
It was a scroll of teleportation.
The cacodemon is engulfed in blazing flames.
Flame seeps out of the cacodemon.
The cacodemon hits you!
* * * LOW HITPOINT WARNING * * *
The cacodemon hits you!
You die...

.....##≈##+##≈# ..######
## ..# ..# ..# ..#######
# ........######.
####..###.....#######..#
......# #.#.#.#2@......#
.##...# #.#.#.#.##.#...#
.##.).# #.#.#.#.##.##. #
.##)..###.#.#..........
.##.....).......##.....
.#...#....#............
.#.#.#.################
...#...# .#######


You could see a cacodemon (inner flame).

Vanquished Creatures
  A two-headed ogre (D:9)
  A centaur warrior (D:9)
  Erica (D:9)
  A smoke demon (D:9)
  A hippogriff (D:9)
  A ynoxinul (D:6)
  A vampire mosquito (D:7)
  4 water moccasins (D:8)
  3 sky beasts
  An ice beast (D:9)
  3 orc warriors
  A necrophage (D:7)
  An ogre (D:5)
  2 centaurs (D:9)
  4 bullfrogs
  2 gnoll sergeants
  A scorpion (D:7)
  3 wights (D:7)
  A howler monkey (D:7)
  3 crimson imps
  2 centaur zombies
  5 orc priests
  2 centaur skeletons
  3 hounds
  Crazy Yiuf (D:4)
  6 orc wizards
  Terence (D:3)
  2 iguanas
  Natasha (twice) (D:2)
  6 worker ants
  2 hound skeletons
  A howler monkey zombie (D:5)
  13 gnolls
  A howler monkey skeleton (D:7)
  13 adders
  2 shadow imps (D:8)
  2 oozes
  An adder zombie (D:9)
  3 worms
  3 dart slugs
  4 leopard geckos
  38 orcs
  6 bats
  9 giant cockroaches
  7 goblins
  4 hobgoblins
  10 jackals
  2 kobolds
  4 quokkas
  3 ball pythons
  3 frilled lizards
  A jackal skeleton (D:6)
  A leopard gecko skeleton (D:5)
  A quokka skeleton (D:4)
  A quokka zombie (D:7)
  9 rats
  A fungus (D:4)
211 creatures vanquished.

Notes
Turn   | Place    | Note
-------+----------+-------------------------------------------
     0 | D:1      | unvid the Demonspawn Fighter began the quest for the Orb.
     0 | D:1      | Reached XP level 1. HP: 18/18 MP: 1/1
    46 | D:1      | Reached skill level 2 in Axes
   534 | D:1      | Gained mutation: You are partially covered in iridescent
                  | scales. (AC +2) [demonic ancestry]
   534 | D:1      | Reached XP level 2. HP: 24/24 MP: 2/2
   854 | D:2      | Reached skill level 3 in Axes
  1024 | D:2      | Reached XP level 3. HP: 28/29 MP: 3/3
  1048 | D:2      | Found a faded altar of an unknown god.
  1110 | D:2      | Noticed Natasha
  1117 | D:2      | Killed Natasha
  1117 | D:2      | Reached skill level 4 in Axes
  1117 | D:2      | Reached XP level 4. HP: 27/35 MP: 4/4
  1120 | D:2      | Noticed Natasha
  1130 | D:2      | Killed Natasha
  1748 | D:3      | Gained mutation: You are partially covered in sharp spines.
                  | [demonic ancestry]
  1748 | D:3      | Reached XP level 5. HP: 41/41 MP: 5/5
  1855 | D:3      | Noticed Terence
  1868 | D:3      | Killed Terence
  1868 | D:3      | Reached skill level 5 in Axes
  2689 | D:4      | Found a snail-covered altar of Cheibriados.
  2929 | D:4      | Gained mutation: You have sharp fingernails. [demonic
                  | ancestry]
  2929 | D:4      | Reached XP level 6. HP: 47/47 MP: 6/6
  3086 | D:4      | Found a burning altar of Makhleb.
  3090 | D:4      | Reached skill level 1 in Unarmed Combat
  3095 | D:4      | Became a worshipper of Makhleb the Destroyer
  3243 | D:4      | Found a runed translucent door.
  3244 | D:4      | Noticed Crazy Yiuf
  3257 | D:4      | Killed Crazy Yiuf
  3537 | D:5      | Entered Level 5 of the Dungeon
  3785 | D:5      | Found Iloesk's Jewellery Boutique.
  3810 | D:5      | Found a sparkling altar of Nemelex Xobeh.
  3818 | D:5      | Found a staircase to the Ecumenical Temple.
  3857 | D:5      | Gained mutation: You regenerate a little health from kills.
                  | [demonic ancestry]
  3857 | D:5      | Reached XP level 7. HP: 52/52 MP: 7/7
  3867 | D:5      | Found Silotu's Assorted Antiques.
  3879 | D:5      | Found Fyadociss's General Store.
  3888 | D:5      | Found Gauf's Antique Weapon Shop.
  3897 | D:5      | Found Wune's Antique Weapon Shop.
  3900 | D:5      | Bought a slimy war axe for 289 gold pieces
  3900 | D:5      | Identified the +10 war axe "Emyul" {speed, +Blink} (You
                  | bought it in a shop on level 5 of the Dungeon)
  3925 | D:5      | Reached skill level 6 in Axes
  4144 | D:5      | Fell from the grace of Makhleb
  4234 | Temple   | Entered the Ecumenical Temple
  4514 | D:5      | Reached skill level 7 in Axes
  4783 | D:6      | Gained mutation: You have very sharp fingernails. [demonic
                  | ancestry]
  4783 | D:6      | Reached XP level 8. HP: 56/58 MP: 8/8
  4829 | D:6      | Reached skill level 8 in Axes
  5374 | D:7      | Reached skill level 9 in Axes
  5419 | D:7      | Found a shadowy altar of Dithmenos.
  5575 | D:7      | Found a stormy altar of Qazlal.
  5587 | D:7      | Reached skill level 10 in Axes
  5600 | D:7      | Found a shimmering altar of Xom.
  5600 | D:7      | Found a shimmering blue altar of Sif Muna.
  5600 | D:7      | Found a hide-covered altar of Uskayaw.
  5600 | D:7      | Found a basalt altar of Yredelemnul.
  5600 | D:7      | Found an iron altar of Okawaru.
  5601 | D:7      | Found a glowing silver altar of Zin.
  5602 | D:7      | Found an ornate altar of the Wu Jian Council.
  5605 | D:7      | Found a sparkling altar of Nemelex Xobeh.
  5619 | D:7      | Became a worshipper of Qazlal Stormbringer
  5741 | D:7      | Found the +8 Wrath of Trog {antimagic, *Rage}
  5957 | D:7      | Gained mutation: You regenerate health from kills. [demonic
                  | ancestry]
  5957 | D:7      | Reached XP level 9. HP: 50/63 MP: 9/9
  6243 | D:8      | Found Fazinwowk's Serpentskin Sales.
  6254 | D:8      | Reached skill level 11 in Axes
  6255 | D:8      | Reached * piety under Qazlal
  6619 | D:9      | Reached skill level 12 in Axes
  6630 | D:9      | Noticed a two-headed ogre
  6636 | D:9      | Killed a two-headed ogre
  6636 | D:9      | Reached XP level 10. HP: 49/70 MP: 10/10
  6911 | D:9      | Noticed a centaur warrior
  6920 | D:9      | Killed a centaur warrior
  6970 | D:9      | Noticed a smoke demon
  6978 | D:9      | Killed a smoke demon
  7228 | D:9      | Noticed Erica
  7232 | D:9      | Killed Erica
  7232 | D:9      | Reached skill level 13 in Axes
  7669 | D:9      | Noticed a cacodemon
  7677 | D:9      | Slain by a cacodemon

Levels and vault maps discovered:
D:1:      dpeg_arrival_windows_large_door, layout_loops_cross,
          minmay_misc_feat_iff
D:2:      layout_basic, chequers_ecumenical_altar_simple, minmay_tiny_reverse_x,
          uniq_natasha
D:3:      layout_loops_cross, uniq_terence
D:4:      layout_rooms, kennysheep_slug_shrine, makhleb_grotto_becter,
          first_ration, uniq_crazy_yiuf_cottage
D:5:      layout_loops_ring, lemuel_temple_firewalk_b, serial_shops,
          kennysheep_mini, shop_fountains, shop_fountains, nicolae_shop_trees,
          nicolae_shop_stone, basic_altar
D:6:      layout_basic
D:7:      cheibrodos_barr_body, layout_cave_pools,
          grunt_dithmenos_smoke_and_mirrors, minitemple
D:8:      layout_gridville, guppyfry_shop_venom
D:9:      layout_basic, nicolae_overflow_hidden_temple,
          hangedman_little_slice_of_home, uniq_erica
Temple:   grunt_temple_mini_profane

Skill      XL: |  1  2  3  4  5  6  7  8  9 10 |
---------------+-------------------------------+-----
Axes           | 2 3 4 5 7 10 12 13 | 13.5
Unarmed Combat | 3 |  3.5
Fighting       | |  3.0
Armour         | |  2.6
Shields        | |  2.6

Action                   |  1- 3 |  4- 6 |  7- 9 | 10-12 || total
-------------------------+-------+-------+-------+-------++-------
Melee: War axe           |   105 |   190 |   221 |    28 ||   544
Throw: Throwing net      |       |     1 |       |       ||     1
Invok: Renounce Religion |       |       |     1 |       ||     1
Evoke: Wand              |       |       |     4 |     1 ||     5
  Use: Scroll            |       |       |       |     3 ||     3
 Stab: Held in net/web   |       |     2 |       |       ||     2
  Eat: Chunk             |     1 |     9 |     9 |       ||    19
       Ration            |       |       |       |     1 ||     1
Armor: Scale mail        |    62 |    70 |    59 |    14 ||   205
Dodge: Dodged            |    33 |    56 |    37 |     2 ||   128
Block: Kite shield       |    58 |    88 |    64 |    16 ||   226

Table legend:
 A = Non-vault XP
 B = Vault XP
 C = Vault XP percentage of total XP
 D = Non-vault monster count
 E = Vault monster count
 F = Vault count percentage of total count
                 A         B        C        D         E       F
            +---------+---------+-------+---------+---------+-------
      Total |    5699 |    2302 |  28.8 |     187 |      21 |  10.1
            +---------+---------+-------+---------+---------+-------
        D:1 |      26 |       0 |   0.0 |      13 |       0 |   0.0
        D:2 |     100 |      41 |  29.1 |      23 |       3 |  11.5
        D:3 |      32 |      36 |  52.9 |      17 |       1 |   5.6
        D:4 |     262 |      93 |  26.2 |      24 |       3 |  11.1
        D:5 |     762 |       0 |   0.0 |      26 |       0 |   0.0
        D:6 |     468 |       0 |   0.0 |      16 |       0 |   0.0
        D:7 |     889 |     622 |  41.2 |      27 |       8 |  22.9
        D:8 |     330 |     618 |  65.2 |      17 |       5 |  22.7
        D:9 |    2830 |     892 |  24.0 |      24 |       1 |   4.0
            +---------+---------+-------+---------+---------+-------
